AoeStats
← The Crusader

African Clearing

504612954Analyzed
4v4 RM · 28d ago on Sep 5, 2026· 37m 13s· 8 players
Game mode
Random Map
Map size
Large (8 player)
Population
200
Speed
Normal
Resources
Standard
Victory
Conquest
Starting age
Dark Age
Ending age
Imperial Age
RankedLock teamsTeams togetherTeam positionsShared explorationLock speedFull tech treeHidden civsTurbo modeCheats
Victory
Defeat
🇨🇦 Cumans · Canada
1547
+15
🇨🇱 Jurchens · Chile
1503
+17
🇨🇱 Bulgarians · Chile
1462
+18
🇨🇳 Chinese · China
1444
+19
🇹🇷 Berbers · Türkiye
1550
-18
🇸🇻 Celts · El Salvador
1522
-17
🇺🇸 Malay · United States
1498
-17
🇺🇸 Goths · United States
1498
-17
The Crusader
5:12 Loom
13:23 Feudal Age
17:20 Castle Age
15:20 Double-Bit Axe
16:00 Horse Collar
19:10 Squires
27:35 Scale Mail Armor
28:31 Pikeman
32:21 Man-at-Arms
33:30 Chain Mail Armor
33:59 Forging
33:24 Long Swordsman
thegoodjunk
6:02 Loom
14:06 Feudal Age
15:00 Double-Bit Axe
18:37 Castle Age
17:16 Forging
19:20 Wheelbarrow
21:52 Horse Collar
23:24 Pikeman
26:57 Fletching
26:30 Crossbowman
29:35 Bodkin Arrow
30:13 Man-at-Arms
imenek
13:49 Feudal Age
13:55 Loom
18:10 Castle Age
17:21 Bloodlines
17:15 Double-Bit Axe
17:11 Horse Collar
18:29 Scale Barding Armor
23:46 Scale Barding Armor
25:18 Forging
27:29 Chain Barding Armor
31:51 Husbandry
34:53 Wheelbarrow
34:42 Bow Saw
35:52 Heavy Plow
RohanAoE
4:27 Loom
13:47 Feudal Age
13:51 Feudal Age
18:06 Castle Age
27:41 Horse Collar
28:40 Double-Bit Axe
30:55 Wheelbarrow
31:12 Bow Saw
32:10 Heavy Plow
33:59 Hand Cart
36:13 Ballistics
39:45 Imperial Age
ノルフ
9:49 Loom
12:19 Feudal Age
12:49 Man-at-Arms
20:10 Double-Bit Axe
22:21 Horse Collar
25:13 Wheelbarrow
27:37 Castle Age
26:07 Stone Mining
26:08 Gold Mining
27:05 Scale Mail Armor
28:15 Forging
28:07 Pikeman
29:28 Chain Mail Armor
29:50 Iron Casting
28:36 Long Swordsman
29:58 Squires
30:45 Bow Saw
32:51 Arson
33:43 Hand Cart
37:47 Imperial Age
35:04 Town Watch
35:41 Fletching
35:49 Capped Ram
逸丶然
3:02 Loom
12:48 Feudal Age
13:38 Town Watch
16:34 Castle Age
15:07 Double-Bit Axe
17:16 Scale Barding Armor
19:28 Chain Barding Armor
21:10 Bloodlines
21:38 Forging
23:31 Husbandry
25:46 Wheelbarrow
27:39 Iron Casting
29:40 Horse Collar
30:27 Gold Mining
32:27 Stone Mining
32:49 Bow Saw
33:20 Heavy Plow
35:37 Hand Cart
37:05 Fletching
CumanoBorracho92
8:37 Loom
12:21 Feudal Age
13:49 Feudal Age
15:14 Double-Bit Axe
20:49 Castle Age
18:56 Stone Mining
22:03 Bow Saw
23:12 Wheelbarrow
23:16 Stone Shaft Mining
27:30 Fletching
28:48 Bodkin Arrow
29:16 Ballistics
29:18 Town Watch
29:48 Hand Cart
30:53 Hand Cart
34:22 Forging
34:17 Scale Barding Armor
34:14 Scale Mail Armor
benja23
9:41 Loom
11:56 Feudal Age
12:32 Double-Bit Axe
12:33 Horse Collar
17:25 Forging
23:18 Wheelbarrow
22:26 Fishing Lines
26:34 Castle Age
25:46 Bloodlines
25:56 Scale Barding Armor
27:35 Bow Saw
27:46 Chain Barding Armor
28:50 Iron Casting
30:01 Gillnets
32:53 Gold Mining
32:54 Stone Mining
33:41 Heavy Plow
34:17 Gold Shaft Mining
34:18 Stone Shaft Mining
34:15 Hand Cart
37:33 Imperial Age
35:06 Town Watch
Connection lost

Rejoining the realm…

Still unreachable

The connection could not be restored.

Session expired

The server has moved on; the page needs a fresh start.